 Dungeon Crawl Stone Soup version 0.30-a0-374-g95c0257040 (webtiles) character file.

Game seed: 13434737824143443918

277 flotson the Sneak (level 6, 0/48 HPs)
             Began as a Demonspawn Delver on Nov 27, 2022.
             Succumbed to an orc wizard's poison
             ... on level 4 of the Dungeon.
             The game lasted 00:04:38 (2778 turns).

flotson the Sneak (Demonspawn Delver)               Turns: 2778, Time: 00:04:39

Health: 0/48       AC:  7    Str: 13 (14) XL:     6   Next: 4%
Magic:  6/6        EV: 11    Int: 10 (12) God:
Gold:   208        SH:  0    Dex: 12 (14) Spells: 5/5 levels left

rFire   + . .      SeeInvis .    j - +0 spear (vorpal)
rCold   . . .      Faith    .    (no shield)
rNeg    . . .      Spirit   .    r - +1 ring mail of Antique Curiosity {rF+}
rPois   .          Reflect  .    (no helmet)
rElec   .          Harm     .    (no cloak)
rCorr   .          Rampage  .    (no gloves)
Will    .....                    w - +0 pair of boots
Stlth   ++........               (no amulet)
HPRegen 0.28/turn                (no ring)
MPRegen 0.10/turn                (no ring)

@: lethally poisoned (0 -> -24), hasted, very quick
A: powered by death 2, demonic touch 1
a: no special abilities


You were on level 4 of the Dungeon.
You visited 1 branch of the dungeon, and saw 5 of its levels.

You collected 208 gold pieces.

Inventory:

Hand Weapons
 j - a +0 vorpal spear (weapon)
Missiles
 s - 3 poisoned darts (quivered)
 A - 2 throwing nets
 B - 2 javelins
Armour
 b - a +0 leather armour
 r - the +1 ring mail of Antique Curiosity (worn) {rF+}
   (You took it off a goblin on level 2 of the Dungeon)

   rF:        It protects you from fire.
 w - a +0 pair of boots (worn)
Jewellery
 v - a ring of ice
Wands
 a - a wand of iceblast (23)
 f - a wand of mindburst (21)
 g - a wand of digging (3)
Scrolls
 c - a scroll of fog
 d - a scroll of magic mapping
 e - a scroll of fear
 h - 2 scrolls of amnesia {unknown}
 i - 9 scrolls of identify {unknown}
 k - 2 scrolls of enchant weapon {unknown}
 l - a scroll of vulnerability {unknown}
 n - a scroll of blinking {unknown}
 t - a scroll of noise {unknown}
 y - a scroll of brand weapon {unknown}
 z - a scroll of teleportation {unknown}
 C - 2 scrolls of immolation {unknown}
Potions
 m - a potion of degeneration
 p - a potion of might {unknown}
 q - a potion of berserk rage {unknown}
 u - a potion of invisibility {unknown}
 x - a potion of lignification {unknown}


   Skills:
 + Level 4.1 Fighting
 - Level 1.7 Polearms
 + Level 1.6 Throwing
 + Level 2.3 Armour
 + Level 3.0 Dodging
 - Level 4.5 Stealth
 + Level 2.5 Evocations


You had 5 spell levels left.
You didn't know any spells.
Your spell library was empty.

Dungeon Overview and Level Annotations

Branches:
Dungeon (5/15)
 Temple: D:4-7

Altars:

Annotations:
D:4 Grinder


Innate Abilities, Weirdness & Mutations

You regenerate health from kills.
Your touch may inflict minor irresistible damage on your foes.


Message History

The orc wizard is heavily wounded.
You feel very sick. The orc wizard misses you.
You closely miss the orc wizard.
The orc wizard is heavily wounded.
You feel sick. The orc wizard closely misses you.
You barely miss the orc wizard.
The orc wizard is heavily wounded.
You feel sick.
The orc wizard hits you but does no damage.
You are more poisoned.
You hit the orc wizard but do no damage.
The orc wizard is moderately wounded.
You feel very sick.
The orc wizard hits you with a +1 dagger of venom.
You are lethally poisoned!
You are too injured to fight recklessly!
You are too injured to fight recklessly!
You are too injured to fight recklessly!
You are too injured to fight recklessly!
You are too injured to fight recklessly!
You are too injured to fight recklessly!
You are too injured to fight recklessly!
You are too injured to fight recklessly!
You are too injured to fight recklessly!
You barely miss the orc wizard.
The orc wizard is moderately wounded.
You feel very sick.
The orc wizard hits you with a +1 dagger of venom.
* * * LOW HITPOINT WARNING * * *
You are more poisoned.
It was a potion of degeneration.
There was something very wrong with that liquid.
You feel weakened.
You feel dopey.
You feel clumsy.
* * * LOW HITPOINT WARNING * * *
You feel extremely sick. The orc wizard casts a spell at you.
The magic dart hits you but does no damage.
You feel yourself speed up.
You die...

#. ##.###### #
#.......#####
. #.......#...
#.........#
#........#
#.....o.#####
#.....@.....#
#......<###...
#.......#
#.......#
#########


You could see an orc wizard.

Vanquished Creatures
  A scorpion (D:3)
  A hound (D:5)
  2 orc priests (D:3)
  A gnoll (D:1)
  5 adders
  A worm (D:2)
  2 dart slugs
  7 orcs
  6 bats
  4 endoplasms (D:2)
  A giant cockroach (D:3)
  4 goblins
  6 hobgoblins
  4 jackals (D:3)
  2 quokkas
  4 ball pythons
  A frilled lizard (D:1)
  5 kobolds
  4 rats
61 creatures vanquished.

Notes
Turn   | Place    | Note
-------+----------+-------------------------------------------
     0 | D:5      | flotson the Demonspawn Delver began the quest for the Orb.
     0 | D:5      | Reached XP level 1. HP: 18/18 MP: 1/1
   202 | D:5      | Noticed a hound
   219 | D:5      | Killed a hound
   220 | D:5      | Reached skill level 1 in Armour
   220 | D:5      | Reached skill level 1 in Evocations
   220 | D:5      | Gained mutation: You regenerate a little health from kills.
                  | [demonic ancestry]
   220 | D:5      | Reached XP level 2. HP: 19/24 MP: 2/2
   220 | D:5      | Gained mutation: Your touch may inflict minor irresistible
                  | damage on your foes. [demonic ancestry]
   220 | D:5      | Reached XP level 3. HP: 23/29 MP: 3/3
   329 | D:5      | Noticed a centaur
   364 | D:4      | Noticed a phantom
   529 | D:2      | Identified the +9 trident of the End of Times {holy, Int+6}
   529 | D:2      | Identified the +1 ring mail of Antique Curiosity {rF+}
   623 | D:2      | Reached XP level 4. HP: 35/35 MP: 4/4
  1985 | D:3      | Reached skill level 1 in Throwing
  1985 | D:3      | Reached XP level 5. HP: 28/42 MP: 5/5
  2374 | D:3      | Identified the +1 robe of Pyffar {Str+3 Stlth+}
  2583 | D:4      | Noticed Grinder
  2646 | D:3      | Gained mutation: You regenerate health from kills. [demonic
                  | ancestry]
  2646 | D:3      | Reached XP level 6. HP: 27/48 MP: 6/6
  2778 | D:4      | Succumbed to an orc wizard's poison

Illustrated notes

Levels and vault maps discovered:
D:1:      dpeg_arrival_circle_labyrinth_c, layout_loops_ring
D:2:      layout_rooms
D:3:      layout_basic, solitary_fountain, chequers_serial_rivers_micro_d
D:4:      layout_rooms, minmay_manual_mess, uniq_grinder, uniq_natasha,
          uniq_eustachio, uniq_menkaure
D:5:      layout_basic, general_overflow_altar

Skill      XL: |  1  2  3  4  5 |
---------------+----------------+-----
Armour         | 1 2 |  2.3
Dodging        | 2 3 |  3.0
Evocations     | 1 2 |  2.5
Throwing       | 1 |  1.6
Fighting       | 4 |  4.1
Polearms       | |  1.7
Stealth        | |  4.5

Action                   |  1- 3 |  4- 6 || total
-------------------------+-------+-------++-------
Melee: Spear             |    45 |   147 ||   192
       Touch             |     5 |    15 ||    20
       Punch             |       |     1 ||     1
Throw: Dart              |     4 |       ||     4
  Use: Potion            |     1 |     2 ||     3
 Stab: Sleeping          |     2 |     5 ||     7
Armor: Ring mail         |     4 |    54 ||    58
       Leather armour    |     3 |       ||     3
Dodge: Dodged            |    17 |    64 ||    81

Table legend: (Time is in decaauts)
 A = Elapsed time spent in this place.
 B = Non-inter-level travel time spent in this place.
 C = Inter-level travel time spent in this place.
 D = Time resting spent in this place.
 E = Time spent auto-exploring this place.
 F = Levels seen in this place.
 G = Mean time per level.
                   A        B        C        D        E       F      G
               +--------+--------+--------+--------+--------+-----+--------+
         Total |   2761 |   2658 |    103 |     62 |   2083 |   5 |  552.2 |
       Dungeon |   2761 |   2658 |    103 |     62 |   2083 |   5 |  552.2 |
               +--------+--------+--------+--------+--------+-----+--------+

Top non-repeatable levels by time:
     D:3: 969 daAuts
     D:1: 900 daAuts
     D:2: 503 daAuts
     D:5: 317 daAuts
     D:4: 70 daAuts
